 Dungeon Crawl Stone Soup version 0.27.1-3-gb3d3a73c9e (webtiles) character file.

Game seed: 14515185947395462091

2 bearlyready the Vexing (level 1, 0/20 HPs)
             Began as an Ogre Arcane Marksman on Oct 27, 2021.
             Frozen to death by an endoplasm (5 damage)
             ... on level 1 of the Dungeon.
             The game lasted 00:00:38 (130 turns).

bearlyready the Vexing (Ogre Arcane Marksman)        Turns: 130, Time: 00:00:39

Health: 0/20       AC:  3    Str: 13    XL:     1   Next: 40%
Magic:  0/2        EV:  9    Int: 14    God:
Gold:   15         SH:  0    Dex:  9    Spells: 1/2 levels left

rFire    . . .     SeeInvis .   f - +0 club
rCold    . . .     Faith    .   (no shield)
rNeg     . . .     Spirit   +   a - +0 robe
rPois    .         Reflect  .   (helmet restricted)
rElec    .         Harm     .   (no cloak)
rCorr    .         Rampage  .   (gloves unavailable)
Will     .....                  (boots unavailable)
Stlth    +.........             e - amulet of guardian spirit
HPRegen  0.06/turn              (no ring)
MPRegen  0.08/turn              (no ring)

@: very slightly contaminated
A: large, unfitting armour, tough skin 1
a: no special abilities


You were on level 1 of the Dungeon.
You visited 1 branch of the dungeon, and saw 1 of its levels.

You collected 15 gold pieces.

Inventory:

Hand Weapons
 f - a +0 club (weapon)
Missiles
 b - 4 large rocks
 c - a throwing net (quivered)
Armour
 a - a +0 robe (worn)
Magical Staves
 d - a staff of death
Jewellery
 e - an amulet of guardian spirit (around neck)
Scrolls
 g - a scroll of identify {unknown}


   Skills:
 - Level 1.7 Fighting
 + Level 0.3 Maces & Flails
 - Level 2.0 Throwing
 - Level 1.7 Dodging
 - Level 1.2 Spellcasting
 - Level 2.6 Hexes


You had one spell level left.
You knew the following spells:

 Your Spells              Type           Power      Damage    Failure   Level
a - Corona                Hex            8%         N/A       9%          1

Your spell library contained the following spells:

 Spells                   Type           Power      Damage    Failure   Level
 Slow                     Hex            8%         N/A       13%         2
 Inner Flame              Hex/Fire       4%         N/A       41%         3
 Portal Projectile        Hex/Tloc       8%         N/A       41%         3
 Cause Fear               Hex            4%         N/A       65%         4


Dungeon Overview and Level Annotations

Branches:
Dungeon (1/15)

Altars:


Innate Abilities, Weirdness & Mutations

You are too large for most types of armour.
You have tough skin. (AC +1)


Message History

The endoplasm is moderately wounded.
The endoplasm freezes you.
You are frozen.
The endoplasm hits you.
You barely miss the endoplasm.
The endoplasm is moderately wounded.
The endoplasm hits you.
Casting: Corona (safe; 9% risk of failure)
Confirm with . or Enter, or press ? or * to list all spells.
Aiming: Corona (safe; 9% risk of failure)
Press: ? - help, Shift-Dir - straight line, f - endoplasm
Aim: an endoplasm (moderately wounded, chance to affect: 61%)
You miscast Corona.
You are very lightly contaminated with residual magic.
Nothing appears to happen.
The endoplasm freezes you.
You are frozen.
You barely miss the endoplasm.
The endoplasm is moderately wounded.
The endoplasm freezes you.
You are frozen.
* * * LOW HITPOINT WARNING * * *
Throw: 2 throwing nets
Press: ? - help, Q - select action, (/) - cycle Shift-Dir - straight line, f/p - endoplasm
Aim: an endoplasm (moderately wounded, 84% to hit)
You throw a throwing net. The throwing net hits the endoplasm.
The endoplasm is caught in the net!
The endoplasm is moderately wounded.
The endoplasm struggles against the net.
You barely miss the endoplasm.
The endoplasm is moderately wounded.
The endoplasm struggles against the net.
You hit the endoplasm but do no damage.
The endoplasm is moderately wounded.
The endoplasm struggles against the net.
You hit the endoplasm.
The endoplasm is heavily wounded.
The endoplasm struggles against the net.
The endoplasm freezes you.
You are frozen.
You die...

#...# #.#.# #.#.#
#.#.# #.#†####
###########.#.....
#.............###.
#.#######.##### ##
#@# #.# #. #J# #.#
#. #.# #.# ###.
#.# #.# #... #.#
#.#####... #.#
#..#...... ..#
+...... ...
#...... ####)..


You could see an endoplasm (caught).

Vanquished Creatures
  A ball python (D:1)
  A goblin (D:1)
2 creatures vanquished.

Notes
Turn   | Place    | Note
-------+----------+-------------------------------------------
     0 | D:1      | bearlyready the Ogre Arcane Marksman began the quest for
                  | the Orb.
     0 | D:1      | Reached XP level 1. HP: 19/19 MP: 2/2
   130 | D:1      | Frozen to death by an endoplasm

Illustrated notes

Levels and vault maps discovered:
D:1:      minmay_arrival_cross, layout_loops_ring,
          ebering_ecumenical_altar_abandoned

Action                   || total
-------------------------++-------
Melee: Club              ||     9
       Unarmed           ||     6
Throw: Throwing net      ||     1
 Cast: Corona            ||     1
Dodge: Dodged            ||     6
